 Dungeon Sprint DCSS version 0.30.1-11-g7821555f0a (webtiles) character file.

Game seed: 4939201417405628888

13496 Heoruswealwe the Phalangite (level 11, 0/119 HPs)
             Began as a Minotaur Fighter on Nov 16, 2023.
             Was an Initiate of Gozag.
             Slain by an orc knight
             ... wielding a +0 great sword
              (31 damage)
             ... in the Dungeon (Sprint IX: "|||||||||||||||||||||||||||||").
             The game lasted 00:09:24 (1456 turns).

Heoruswealwe the Phalangite (Minotaur Fighter)      Turns: 1456, Time: 00:09:31

Health: 0/119      AC: 25    Str: 26    XL:     11   Next: 76%
Magic:  10/10      EV: 10    Int:  5    God:    Gozag
Gold:   6218       SH:  0    Dex:  9    Spells: 10/10 levels left

rFire   . . .        b - +1 glaive
rCold   . . .        (shield currently unavailable)
rNeg    . . .        c - +0 plate armour
rPois   .            (helmet restricted)
rElec   .            h - +0 cloak
rCorr   .            f - +0 pair of gloves
SInv    .            e - +0 pair of boots
Will    .....        (no amulet) Stlth
                     k - +2 ring of evasion
HPRegen 0.39/turn    j - +2 ring of protection
MPRegen 0.12/turn

%: no teleportation
@: gold aura
A: horns 2, retaliatory headbutt
a: Renounce Religion, Potion Petition, Call Merchant, Bribe Branch


You were in the Dungeon.
You worshipped Gozag.
Gozag was greatly pleased with you.
You visited 1 branch You collected 6218 gold pieces.

Inventory:

Hand Weapons
 a - a +0 trident
 b - a +1 glaive (weapon)
Armour
 c - a +0 plate armour (worn)
 d - a +0 buckler
 e - a +0 pair of boots (worn)
 f - a +0 pair of gloves (worn)
 h - a +0 cloak (worn)
Jewellery
 j - a +2 ring of protection (right hand)
 k - a +2 ring of evasion (left hand)
Wands
 l - a wand of iceblast (11)
Scrolls
 o - 2 scrolls of blinking
 p - 3 scrolls of identify
 q - a scroll of enchant armour
Potions
 g - a potion of haste
 i - 3 potions of berserk rage
 m - 5 potions of curing
 n - 2 potions of might
 r - 4 potions of heal wounds
 s - a potion of attraction {unknown}


   Skills:
 + Level 18.1 Fighting
 * Level 24.2 Polearms
 + Level 18.1 Armour
 - Level 3.6 Shields


You had 10 spell levels left.
You didn't know any spells.
Your spell library was empty.

Dungeon Overview and Level Annotations

Branches:
Dungeon (1/1)

Altars:
Cheibriados
Dithmenos
Elyvilon
Fedhas
Gozag
Hepliaklqana
Kikubaaqudgha
Makhleb
Nemelex Xobeh
Okawaru
Qazlal
Ru
Sif Muna
Trog
Uskayaw
Vehumet
Wu Jian
Xom
Yredelemnul
Zin
The Shining One
Jiyva
Lugonu


Innate Abilities, Weirdness & Mutations

You have a pair of horns on your head.
You reflexively headbutt those who attack you in melee.


Message History

The orc is distracted by your dazzling golden aura.
You closely miss the orc knight.
The orc knight is lightly wounded.
The orc knight hits you with a +0 great sword of holy wrath!
You closely miss the orc knight.
The orc shouts!
You headbutt the orc knight!
The orc knight is moderately wounded.
You slice the orc knight!!
You headbutt the orc knight, but do no damage.
The orc knight is severely wounded.
The orc warrior is no longer distracted by gold.
The orc warrior no longer looks unusually strong.
The orc knight hits you with a +0 great sword of holy wrath.
You barely miss the orc knight.
The orc knight is severely wounded.
The orc knight hits you with a +0 great sword of holy wrath!
* * * LOW HITPOINT WARNING * * *
You hit the orc knight but do no damage.
You headbutt the orc knight!
The orc knight is severely wounded.
You closely miss the orc knight.
You headbutt the orc knight, but do no damage.
The orc knight is severely wounded.
The orc is no longer distracted by gold.
The orc knight roars a battlecry!
The orc warrior goes into a battle-frenzy!
You slash the orc knight! You headbutt the orc knight.
You kill the orc knight!
Your Fighting skill increases to level 18!
Your Armour skill increases to level 18!
You slash the orc knight!
The orc knight is lightly wounded.
You slice the orc knight!!
You headbutt the orc knight, but do no damage.
The orc knight is moderately wounded.
The orc warrior no longer looks unusually strong.
The orc knight hits you with a +0 great sword!!
You die...
Your body crumbles into a pile of gold. ▓▓▓▓▓▓▓▓▓▓▓▓▓▓▓▓▓▓▓▓▓▓▓▓ $ $$$$$

o.oooo$o@$$$'.)).)).))[))
▓▓▓▓▓▓▓▓▓▓▓▓▓▓▓▓▓▓▓▓▓▓▓▓▓▓▓▓▓▓▓▓▓
...)......................)......
▓▓▓▓▓▓▓▓▓▓▓▓▓▓▓▓▓▓▓▓▓▓▓▓▓▓▓▓▓▓▓▓▓
......'.........'.........'...??.
▓▓▓▓▓▓▓▓▓▓▓▓▓▓▓▓▓▓▓▓▓▓▓▓▓▓▓▓▓▓▓▓▓
.................................
▓▓▓▓▓▓▓▓▓▓▓▓▓▓▓▓▓▓▓▓▓▓▓▓▓▓▓▓▓▓▓▓▓
..[)?!'________________________'.


You could see an orc knight (strong), 3 orc warriors and an orc (strong).

Vanquished Creatures
  Erolcha (D)
  2 hydras (D)
  A two-headed ogre (D)
  2 centaur warriors (D)
  4 death yaks (D)
  An orc high priest (D)
  An orc knight (D)
  A deep elf pyromancer (D)
  A manticore (D)
  An unseen horror (D)
  3 komodo dragons (D)
  A cane toad (D)
  A torpor snail (D)
  An efreet (D)
  A tengu conjurer (D)
  A polar bear (D)
  2 blink frogs (D)
  2 wyverns (D)
  A wraith (D)
  7 yaks (D)
  Grum (D)
  A water moccasin (D)
  7 orc warriors (D)
  5 wolves (D)
  An ogre (D)
  A centaur (D)
  3 bullfrogs (D)
  A howler monkey (D)
  4 orc priests (D)
  An iguana (D)
  3 orc wizards (D)
  An adder (D)
  A dart slug (D)
  3 orcs (D)
  An endoplasm (D)
  3 goblins (D)
  A frilled lizard (D)
73 creatures vanquished.

Notes
Turn   | Place    | Note
-------+----------+-------------------------------------------
     0 | D        | Heoruswealwe the Minotaur Fighter began the quest for the
                  | Orb.
     0 | D        | Reached XP level 1. HP: 19/19 MP: 0/0
     7 | D        | Reached skill level 3 in Polearms
    22 | D        | Noticed an ogre
    22 | D        | Noticed an iguana
    22 | D        | Noticed a howler monkey
    32 | D        | Killed a howler monkey
    33 | D        | Reached skill level 5 in Fighting
    33 | D        | Reached skill level 6 in Polearms
    33 | D        | Reached skill level 5 in Armour
    33 | D        | Reached XP level 2. HP: 29/29 MP: 1/1
    33 | D        | Reached XP level 3. HP: 36/36 MP: 2/2
    39 | D        | Reached skill level 7 in Polearms
    39 | D        | Reached XP level 4. HP: 44/44 MP: 3/3
    46 | D        | Killed an ogre
    47 | D        | Reached skill level 9 in Polearms
    47 | D        | Reached XP level 5. HP: 52/52 MP: 4/4
    53 | D        | Found a snail-covered altar of Cheibriados.
    53 | D        | Found a shadowy altar of Dithmenos.
    53 | D        | Found a white marble altar of Elyvilon.
    53 | D        | Found a blossoming altar of Fedhas.
    53 | D        | Found an opulent altar of Gozag.
    54 | D        | Found a hazy altar of Hepliaklqana.
    55 | D        | Found a viscous altar of Jiyva.
    56 | D        | Found an ancient bone altar of Kikubaaqudgha.
    57 | D        | Found a corrupted altar of Lugonu.
    58 | D        | Found a burning altar of Makhleb.
    59 | D        | Found a sparkling altar of Nemelex Xobeh.
    60 | D        | Found an iron altar of Okawaru.
    61 | D        | Became a worshipper of Gozag Ym Sagoz the Greedy
    62 | D        | Found a stormy altar of Qazlal.
    63 | D        | Found a sacrificial altar of Ru.
    64 | D        | Found a shimmering blue altar of Sif Muna.
    65 | D        | Found a bloodstained altar of Trog.
    66 | D        | Found a hide-covered altar of Uskayaw.
    67 | D        | Found a radiant altar of Vehumet.
    68 | D        | Found an ornate altar of the Wu Jian Council.
    69 | D        | Found a shimmering altar of Xom.
    70 | D        | Found a basalt altar of Yredelemnul.
    71 | D        | Found a glowing silver altar of Zin.
    72 | D        | Found a glowing golden altar of the Shining One.
   128 | D        | Noticed a yak
   128 | D        | Noticed a wraith
   128 | D        | Noticed a centaur
   128 | D        | Noticed a two-headed ogre
   128 | D        | Noticed a wyvern
   133 | D        | Killed a wyvern
   134 | D        | Reached skill level 11 in Polearms
   134 | D        | Reached XP level 6. HP: 57/62 MP: 5/5
   149 | D        | Killed an unseen horror
   150 | D        | Reached skill level 10 in Fighting
   150 | D        | Reached skill level 13 in Polearms
   150 | D        | Reached skill level 10 in Armour
   150 | D        | Reached XP level 7. HP: 53/72 MP: 6/6
   152 | D        | Killed a two-headed ogre
   153 | D        | Reached skill level 15 in Polearms
   153 | D        | Reached XP level 8. HP: 60/82 MP: 7/7
   170 | D        | Reached skill level 16 in Polearms
   244 | D        | Noticed a manticore
   244 | D        | Noticed an efreet
   244 | D        | Noticed a deep elf pyromancer
   244 | D        | Noticed a centaur warrior
   244 | D        | Noticed a tengu conjurer
   244 | D        | Noticed a centaur warrior
   249 | D        | Killed a centaur warrior
   250 | D        | Reached skill level 17 in Polearms
   250 | D        | Reached XP level 9. HP: 83/92 MP: 8/8
   260 | D        | Killed a deep elf pyromancer
   263 | D        | Killed a tengu conjurer
   264 | D        | Reached skill level 18 in Polearms
   270 | D        | Killed a centaur warrior
   274 | D        | Killed an efreet
   275 | D        | Reached skill level 19 in Polearms
   276 | D        | Killed a manticore
   542 | D        | Noticed a cane toad
   545 | D        | Reached XP level 10. HP: 104/104 MP: 9/9
   553 | D        | Killed a cane toad
   565 | D        | Reached skill level 15 in Fighting
   565 | D        | Reached skill level 20 in Polearms
   565 | D        | Reached skill level 15 in Armour
   612 | D        | Noticed a torpor snail
   625 | D        | Killed a torpor snail
   626 | D        | Noticed a five-headed hydra
   630 | D        | Noticed an eight-headed hydra
   631 | D        | Reached skill level 21 in Polearms
   638 | D        | Killed a ten-headed hydra
   644 | D        | Killed a 13-headed hydra
   648 | D        | Reached XP level 11. HP: 113/114 MP: 10/10
   732 | D        | Noticed a death yak
   732 | D        | Noticed a death yak
   732 | D        | Noticed a death yak
   732 | D        | Noticed a death yak
   741 | D        | Killed a death yak
   742 | D        | Reached skill level 22 in Polearms
   745 | D        | Killed a death yak
   757 | D        | Killed a death yak
   762 | D        | Killed a death yak
   764 | D        | Reached skill level 23 in Polearms
   967 | D        | Noticed Grum
   981 | D        | Killed Grum
  1021 | D        | Noticed Erolcha
  1040 | D        | Killed Erolcha
  1423 | D        | Noticed an orc high priest
  1432 | D        | Killed an orc high priest
  1433 | D        | Noticed an orc knight
  1435 | D        | Reached skill level 24 in Polearms
  1437 | D        | Noticed an orc knight
  1454 | D        | Killed an orc knight
  1456 | D        | Slain by an orc knight

Illustrated notes

Levels and vault maps discovered:
D:        linesprint [early_d, line_temple, items_1, d_10, items_2, lair_1,
          lair_end, items_3, orc_1, orc_end, items_4, d_15, swamp_1, shoals_1,
          snake_1, spider_1, d_20, vaults_1, items_5, swamp_end, shoals_end,
          snake_end, spider_end, vaults_end, d_27, items_6, zot_1, zot_end,
          crypt_end, forest_end, elf_end, slime_end, tomb_end, abyss_end,
          pan_hell_end]

Skill      XL: |  1  2  3  4  5  6  7  8  9 10 11 |
---------------+----------------------------------+-----
Polearms       | 6 7 9 11 13 15 17 19 21 24 | 24.2
Fighting       | 5 6 7 8 10 11 12 14 16 18 | 18.1
Armour         | 5 6 7 8 10 11 12 14 16 18 | 18.1
Shields        | |  3.6

Action                     |  1- 3 |  4- 6 |  7- 9 | 10-12 || total
---------------------------+-------+-------+-------+-------++-------
  Melee: Trident           |    27 |     8 |       |       ||    35
         Headbutt          |     5 |     6 |    13 |    42 ||    66
         Halberd           |       |    21 |    50 |   113 ||   184
         Glaive            |       |       |       |    57 ||    57
    Use: Potion            |       |       |     1 |     1 ||     2
 Armour: Scale mail        |     7 |     3 |       |       ||    10
         Chain mail        |       |    23 |    35 |    51 ||   109
         Plate armour      |       |       |       |     1 ||     1
  Dodge: Dodged            |     5 |     9 |    23 |    53 ||    90
  Block: Buckler           |     5 |     1 |       |       ||     6
